 Dungeon Crawl Stone Soup version 0.25-a0-201-g0bb11aece9 (webtiles) character file.

Game seed: 1114754095335538813, levelgen mode: deterministic

2690 floatRand the Covert (level 9, -6/56 HPs)
             Began as an Octopode Fighter on Dec 2, 2019.
             Was a Follower of Dithmenos.
             Mangled by a two-headed ogre
             ... wielding a +0 giant club
              (10 damage)
             ... on level 11 of the Dungeon.
             The game lasted 00:09:06 (7819 turns).

floatRand the Covert (Octopode Fighter)             Turns: 7819, Time: 00:09:07

Health: -6/56      AC:  1    Str: 15    XL:     9   Next: 64%
Magic:  9/9        EV: 16    Int: 13    God:    Dithmenos [*.....]
Gold:   378        SH: 11    Dex: 15    Spells: 8/8 levels left

rFire    . . .     SeeInvis .   f - +4 dagger (venom)
rCold    . . .     Gourm    .   b - +1 shield
rNeg     . . .     Faith    +   (helmet restricted)
rPois    .         Spirit   .   n - amulet of faith
rElec    .         Reflect  .   w - ring of the Mage {Wiz MR++ Int+3}
rCorr    .         Harm     .   (no ring)
MR       ++...                  (no ring)
Stlth    ++++++....             (no ring)
HPRegen  0.18/turn              (no ring)
MPRegen  0.11/turn              (no ring)
                                (no ring)
                                (no ring)

@: wreathed by umbra
A: almost no armour, stealthy swim, amphibious, 8 rings, constrict 8, camouflage
1, gelatinous body 1
a: Renounce Religion


You were on level 11 of the Dungeon.
You worshipped Dithmenos.
Dithmenos was aware of your devotion.
You were hungry.

You visited 2 branches of the dungeon, and saw 10 of its levels.

You collected 378 gold pieces.

Inventory:

Hand Weapons
 a - a +0 long sword
 f - a +4 dagger of venom (weapon)
 v - a +3 mace of protection
Armour
 b - a +1 shield (worn)
Jewellery
 n - an amulet of faith (around mantle)
 w - the ring of the Mage (left tentacle) {Wiz MR++ Int+3}
   (You found it on level 5 of the Dungeon)

   [ring of wizardry]

   It improves your spell success rate.
   It affects your intelligence (+3).
   It affects your resistance to hostile enchantments.
Wands
 c - a wand of iceblast (15)
Scrolls
 g - a scroll of immolation
 i - a scroll of remove curse
 k - 5 scrolls of identify
 q - 2 scrolls of teleportation
Potions
 e - 3 potions of heal wounds
 h - 3 potions of flight
 l - 2 potions of might
 m - 2 potions of brilliance
 o - a potion of cancellation
 p - 2 potions of curing
 r - 2 potions of agility {unknown}
 t - a potion of berserk rage {unknown}
Comestibles
 d - 13 rations


   Skills:
 - Level 3.0 Fighting
 + Level 6.6 Long Blades
 + Level 7.1 Dodging
 + Level 9.1 Stealth
 + Level 7.1 Shields


You had 8 spell levels left.
You didn't know any spells.
Your spell library contained the following spells:

 Spells                   Type           Power        Failure   Level  Hunger
 Beastly Appendage        Tmut           #.....       32%         1    ##.....
 Corona                   Hex            #......      32%         1    ##.....
 Magic Dart               Conj           #...         32%         1    ##.....
 Blink                    Tloc           N/A          45%         2    ###....
 Call Imp                 Summ           #.......     45%         2    ###....
 Slow                     Hex            #.......     45%         2    ###....
 Sticks to Snakes         Tmut           #.......     45%         2    ###....
 Conjure Flame            Conj/Fire      #.......     67%         3    ####...
 Mephitic Cloud           Conj/Pois/Air  #.......     67%         3    ####...
 Portal Projectile        Hex/Tloc       #.....       67%         3    ####...
 Spider Form              Tmut/Pois      #.........   67%         3    ####...
 Summon Guardian Golem    Hex/Summ       #.......     67%         3    ####...
 Tukima's Dance           Hex            #.......     67%         3    ####...
 Fulminant Prism          Conj/Hex       #.........   96%         4    #####..
 Ice Form                 Ice/Tmut       #.......     96%         4    #####..
 Blade Hands              Tmut           #.........   100%        5    ######.


Dungeon Overview and Level Annotations

Branches:
Dungeon (8/15)             Temple (1/1) D:6
   Lair: D:8-11

Altars:
Ashenzari
Cheibriados
Dithmenos
Elyvilon
Fedhas
Gozag
Hepliaklqana
Kikubaaqudgha
Makhleb
Nemelex Xobeh
Okawaru
Qazlal
Ru
Sif Muna
Trog
Uskayaw
Vehumet
Wu Jian
Xom
Yredelemnul
Zin
The Shining One

Shops:
D:8 %

Annotations:
D:8 Pikel


Innate Abilities, Weirdness & Mutations

You cannot wear most types of armour.
You are very stealthy in the water. (Stealth+)
You are amphibious.
You can wear up to eight rings at the same time.
You can use your tentacles to constrict eight enemies at once.
Your skin changes colour to match your surroundings (Stealth+).
Your rubbery body absorbs attacks. (AC +1, EV +1)


Message History

You see here 18 gold pieces.
You block the two-headed ogre's attack. The two-headed ogre barely misses you.
Your shield prevents you from hitting the two-headed ogre.
The two-headed ogre is moderately wounded.
The two-headed ogre hits you with a +0 giant club.
You block the two-headed ogre's attack.
You hit the two-headed ogre.
The two-headed ogre looks even sicker.
You squeeze the two-headed ogre!
The two-headed ogre is heavily wounded.
The two-headed ogre hits you with a +0 giant club!
The two-headed ogre closely misses you.
Found a lead wand.
You puncture the two-headed ogre!
The two-headed ogre looks as sick as possible!
The two-headed ogre is almost dead.
The two-headed ogre hits you with a +0 giant club!!
Ouch! That really hurt!
* * * LOW HITPOINT WARNING * * *
The two-headed ogre hits you with a +0 giant club!
You die...

#############
#...........#
#.......###.# ####
#. ##...###.# #..
#. #........# #.#
#.##....###.####.##
#.@O...............
#.......########.#.
####.#### #$.. #.#
###. #.# . #.# #
#.# #/#


You could see a two-headed ogre.

Vanquished Creatures
  Sigmund (D:2)
  A spriggan (D:8)
  A wyvern (D:8)
  Duvessa (D:4)
  A necrophage (D:5)
  3 orc warriors
  An ogre (D:5)
  An ice beast (D:6)
  2 centaurs
  A big kobold (D:7)
  Dowan (D:4)
  4 killer bees (D:8)
  An electric eel (D:8)
  3 howler monkeys
  5 crimson imps
  2 hounds
  A jelly (D:11)
  4 orc priests
  6 orc wizards
  A bullfrog skeleton (D:5)
  A centaur skeleton (D:4)
  4 worker ants
  3 hound skeletons
  2 gnolls (D:3)
  7 adders
  2 oozes
  2 adder zombies (D:6)
  3 worms
  4 dart slugs
  3 leopard geckos
  30 orcs
  2 ball pythons (D:2)
  3 bats
  5 giant cockroaches
  8 goblins
  3 hobgoblins
  4 jackals
  7 kobolds
  5 quokkas
  4 frilled lizards
  A leopard gecko zombie (D:2)
  A quokka skeleton (D:4)
  3 rats
148 creatures vanquished.

Notes
Turn   | Place    | Note
-------+----------+-------------------------------------------
     0 | D:1      | floatRand the Octopode Fighter began the quest for the Orb.
     0 | D:1      | Reached XP level 1. HP: 16/16 MP: 1/1
   296 | D:1      | Reached skill level 1 in Stealth
   296 | D:1      | Reached XP level 2. HP: 19/21 MP: 2/2
   845 | D:2      | Reached XP level 3. HP: 7/26 MP: 3/3
  1216 | D:2      | Reached skill level 2 in Stealth
  1232 | D:2      | Noticed Sigmund
  1353 | D:2      | Killed Sigmund
  1353 | D:2      | Reached skill level 3 in Stealth
  1353 | D:2      | Reached XP level 4. HP: 31/31 MP: 4/4
  1353 | D:2      | Reached XP level 5. HP: 36/36 MP: 5/5
  1614 | D:3      | Reached XP level 6. HP: 30/42 MP: 6/6
  1920 | D:3      | Found an iron altar of Okawaru.
  2062 | D:3      | Reached skill level 4 in Stealth
  2794 | D:4      | Reached XP level 7. HP: 37/46 MP: 7/7
  2869 | D:4      | Reached skill level 5 in Stealth
  3191 | D:4      | Noticed Duvessa
  3191 | D:4      | Noticed Dowan
  3198 | D:4      | Killed Duvessa
  3199 | D:4      | Killed Dowan
  3199 | D:4      | Reached skill level 5 in Dodging
  3199 | D:4      | Reached skill level 5 in Shields
  3397 | D:4      | Found a radiant altar of Vehumet.
  3670 | D:4      | Found an ornate altar of the Wu Jian Council.
  3670 | D:4      | Found a basalt altar of Yredelemnul.
  4000 | D:5      | Entered Level 5 of the Dungeon
  4127 | D:5      | Reached skill level 6 in Stealth
  4238 | D:5      | Reached XP level 8. HP: 45/52 MP: 8/8
  4577 | D:5      | Reached skill level 5 in Long Blades
  5066 | D:5      | Found the ring of the Mage {Wiz MR++ Int+3}
  5112 | D:6      | Found a staircase to the Ecumenical Temple.
  5121 | Temple   | Entered the Ecumenical Temple
  5250 | Temple   | Became a worshipper of Dithmenos the Shadowed
  5351 | D:6      | Found a shimmering blue altar of Sif Muna.
  5428 | D:6      | Reached skill level 7 in Stealth
  5454 | D:6      | Found a shimmering altar of Xom.
  5456 | D:6      | Found a shadowy altar of Dithmenos.
  5456 | D:6      | Found a glowing golden altar of the Shining One.
  5458 | D:6      | Found a stormy altar of Qazlal.
  5458 | D:6      | Found an iron altar of Okawaru.
  5458 | D:6      | Found a bloodstained altar of Trog.
  5798 | D:6      | Found an opulent altar of Gozag.
  5811 | D:6      | Found a blossoming altar of Fedhas.
  6128 | D:7      | Found a bloodstained altar of Trog.
  6326 | D:7      | Found an ancient bone altar of Kikubaaqudgha.
  6358 | D:7      | Reached XP level 9. HP: 56/56 MP: 9/9
  6359 | D:7      | Reached * piety under Dithmenos
  6359 | D:7      | Reached skill level 8 in Stealth
  7149 | D:8      | Noticed Pikel
  7377 | D:8      | Identified the Grimoire of the Ensnaring Snowflakes
  7418 | D:8      | Reached skill level 9 in Stealth
  7426 | D:8      | Found Soonoj's Food Boutique.
  7748 | D:8      | You fall into a shaft and drop 3 floors!
  7792 | D:11     | Noticed a two-headed ogre
  7819 | D:11     | Mangled by a two-headed ogre

Levels and vault maps discovered:
D:1:      eino_arrival_cavern_b, layout_loops_ring
D:2:      layout_rooms, first_ration, kennysheep_doodads, minivault_24,
          uniq_sigmund
D:3:      layout_rooms, kennysheep_okawaru_gauntlet
D:4:      layout_basic, nicolae_overflow_crystal_walls, minitemple, uniq_duvessa
D:5:      layout_gridville, minivault_23
D:6:      layout_basic, chequers_temple_overflow_statue_of_worship,
          doesnt_xom_only_xom, minmay_temple_entry_arrows, fedhas_altar_2
D:7:      layout_loops_ring, lemuel_round_altar, kennysheep_mini_moat
D:8:      layout_basic, serial_shops, kennysheep_mini, grunt_pizzeria,
          nicolae_two_hexagons, uniq_pikel
D:11:     layout_loops_cross
Temple:   oiseaux_autumnal_temple

Skill      XL: |  1  2  3  4  5  6  7  8  9 |
---------------+----------------------------+-----
Stealth        | 1 3 4 6 7 9 |  9.1
Long Blades    | 3 4 5 6 |  6.6
Dodging        | 4 5 6 7 |  7.1
Shields        | 4 5 6 7 |  7.1
Fighting       | |  3.0

Action                   |  1- 3 |  4- 6 |  7- 9 || total
-------------------------+-------+-------+-------++-------
Melee: Long sword        |    44 |    84 |   104 ||   232
       Tentacles         |     8 |    20 |    59 ||    87
       Constrict         |    17 |    26 |    47 ||    90
       Mace              |       |       |    83 ||    83
       Dagger            |       |       |    10 ||    10
Evoke: Wand              |       |       |     7 ||     7
  Use: Potion            |     1 |       |     2 ||     3
       Scroll            |       |     3 |    14 ||    17
 Stab: Sleeping          |     2 |     5 |    23 ||    30
       Distracted        |     1 |       |       ||     1
  Eat: Chunk             |     1 |     5 |    15 ||    21
Armor: Skin              |     2 |     3 |     9 ||    14
Dodge: Dodged            |    19 |    41 |   105 ||   165
Block: Shield            |    14 |    57 |   100 ||   171
       Rpst.: Long sword |     6 |    14 |    11 ||    31

Table legend:
 A = Non-vault XP
 B = Vault XP
 C = Vault XP percentage of total XP
 D = Non-vault monster count
 E = Vault monster count
 F = Vault count percentage of total count
                 A         B        C        D         E       F
            +---------+---------+-------+---------+---------+-------
      Total |    3177 |     667 |  17.4 |     142 |       6 |   4.1
            +---------+---------+-------+---------+---------+-------
        D:1 |      27 |       0 |   0.0 |      10 |       0 |   0.0
        D:2 |      53 |     220 |  80.6 |      17 |       1 |   5.6
        D:3 |     179 |       4 |   2.2 |      28 |       2 |   6.7
        D:4 |     324 |     223 |  40.8 |      23 |       2 |   8.0
        D:5 |     659 |       0 |   0.0 |      15 |       0 |   0.0
        D:6 |     444 |       0 |   0.0 |      14 |       0 |   0.0
        D:7 |     634 |       0 |   0.0 |      17 |       0 |   0.0
        D:8 |     815 |     220 |  21.3 |      17 |       1 |   5.6
       D:11 |      42 |       0 |   0.0 |       1 |       0 |   0.0
            +---------+---------+-------+---------+---------+-------
